 Dungeon Crawl Stone Soup version 0.29.1-2-gbd0b4ee654 (webtiles) character file.

Game seed: 11052648550569252375

84 DocClef the Insei (level 4, -3/34 HPs)
             Began as a Gnoll Transmuter on Nov 6, 2022.
             Slain by Sigmund
             ... wielding a +0 scythe
              (8 damage)
             ... on level 2 of the Dungeon.
             The game lasted 00:02:24 (1546 turns).

DocClef the Insei (Gnoll Transmuter)                Turns: 1546, Time: 00:02:25

Health: -3/34      AC:  6    Str:  9    XL:     4   Next: 46%
Magic:  10/11      EV: 12    Int: 18    God:
Gold:   69         SH:  0    Dex: 12    Spells: 10/13 levels left

rFire   . . .      SeeInvis .     - Unarmed
rCold   . . .      Faith    .   (no shield)
rNeg    . . .      Spirit   .   j - +3 leather armour of Goxegeif {+Inv Int+3}
rPois   .          Reflect  .   (helmet currently unavailable)
rElec   .          Harm     .   (no cloak)
rCorr   .          Rampage  .   (no gloves)
Will    .....                   (boots currently unavailable)
Stlth   +.........              (no amulet)
HPRegen 0.11/turn               (no ring)
MPRegen 0.12/turn               (no ring)

@: appendages, wereblooded
A: horns 2, talons 2, fangs 1, strong nose, distributed training
a: End Transformation, Evoke Invisibility


You were on level 2 of the Dungeon.
You had temporarily grown beastly horns and talons.
You visited 1 branch of the dungeon, and saw 2 of its levels.

You collected 69 gold pieces.

Inventory:

Armour
 a - a +0 robe
 d - a +0 helmet (melded)
 j - the +3 leather armour of Goxegeif (worn) {+Inv Int+3}
   (You found it on level 2 of the Dungeon)

   Int:       It affects your intelligence (+3).
   +Inv:      It lets you turn invisible.
Scrolls
 e - a scroll of butterflies {unknown}
 h - a scroll of blinking {unknown}
 i - a scroll of identify {unknown}
Potions
 b - a potion of lignification
 c - a potion of might {unknown}
 f - a potion of brilliance {unknown}
 g - a potion of magic {unknown}


   Skills:
 + Level 2.8 Fighting
 + Level 1.2 Short Blades
 + Level 1.2 Long Blades
 + Level 1.2 Axes
 + Level 1.2 Maces & Flails
 + Level 1.2 Polearms
 + Level 1.2 Staves
 + Level 1.2 Ranged Weapons
 + Level 1.2 Throwing
 + Level 1.2 Armour
 + Level 4.6 Dodging
 + Level 1.2 Stealth
 + Level 1.2 Shields
 + Level 6.6 Unarmed Combat
 + Level 5.1 Spellcasting
 + Level 1.0 Conjurations
 + Level 1.0 Hexes
 + Level 1.0 Summonings
 + Level 1.0 Necromancy
 + Level 1.0 Translocations
 + Level 3.8 Transmutations
 + Level 1.0 Fire Magic
 + Level 1.0 Ice Magic
 + Level 1.0 Air Magic
 + Level 1.0 Earth Magic
 + Level 1.0 Poison Magic
 + Level 1.3 Invocations
 + Level 1.2 Evocations


You had 10 spell levels left.
You knew the following spells:

 Your Spells              Type           Power      Damage    Failure   Level
a - Beastly Appendage     Tmut           36%        N/A       3%          1
b - Wereblood             Tmut           18%        N/A       5%          2

Your spell library contained the following spells:

 Spells                   Type           Power      Damage    Failure   Level
 Sublimation of Blood     Necr           8%         N/A       19%         2
 Spider Form              Tmut/Pois      13%        N/A       21%         3
 Ice Form                 Ice/Tmut       13%        N/A       54%         4
 Summon Hydra             Summ           4%         N/A       100%        7


Dungeon Overview and Level Annotations

Branches:
Dungeon (2/15)

Altars:

Annotations:
D:2 Sigmund


Innate Abilities, Weirdness & Mutations

You have temporarily grown beastly horns and talons.
You have very sharp teeth.
Your uncanny sense of smell can sniff out nearby items.
Your experience applies equally to all skills.


Message History

You barely miss something. Your headbutt misses something.
Something hits you but does no damage.
You bump into the rock wall.
You feel less confused.
You hit something.
Your horns disappear.
Your talons disappear.
Your +0 helmet unmelds from your body.
You hear some strange, mumbled words.
A magic dart appears from out of thin air!
The magic dart hits you.
You hit something. Something hits you.
You miss something. You miss something. Your bite misses something.
Something hits you.
You closely miss something. You barely miss something.
You hear some strange, mumbled words.
A magic dart appears from out of thin air!
The magic dart hits you.
You miss something.
You hear some strange, mumbled words.
A magic dart appears from out of thin air!
The magic dart hits you but does no damage.
You barely miss something. You bite something.
Something hits you but does no damage.
You barely miss something. Your bite misses something. Something hits you.
* * * LOW HITPOINT WARNING * * *
You closely miss something. You hit something.
Something hits you but does no damage.
You miss something. You miss something. You bite something. Something hits you.
* * * LOW HITPOINT WARNING * * *
You miss something. You punch something. You closely miss something.
Something hits you but does no damage.
You closely miss something. Something barely misses you.
You hit something.
Casting: Wereblood (safe; 5% risk of failure)
Confirm with . or Enter, or press ? or * to list all spells.
You grow a pair of large bovine horns.
Your feet morph into talons.
Your +0 helmet melds into your body.
Something hits you!
You die...

####### #.....#
###.###@# #...##8{8#
##.###.bB..#
##..##8.....8#
#..##........)#
#..#8.........8#
#..+.....(.....+
#######.##8.........8#
##........#


You could see a giant cockroach and a bat.

Vanquished Creatures
  Terence (D:2)
  Robin (D:2)
  An adder (D:2)
  4 bats
  4 endoplasms
  3 hobgoblins
  4 jackals (D:2)
  A quokka (D:2)
  2 ball pythons
  A frilled lizard (D:1)
  9 goblins
  A kobold (D:2)
  4 rats
36 creatures vanquished.

Notes
Turn   | Place    | Note
-------+----------+-------------------------------------------
     0 | D:1      | DocClef the Gnoll Transmuter began the quest for the Orb.
     0 | D:1      | Reached XP level 1. HP: 17/17 MP: 6/6
   460 | D:1      | Reached XP level 2. HP: 23/23 MP: 5/7
   785 | D:1      | Found a faded altar of an unknown god.
   898 | D:2      | Reached skill level 5 in Spellcasting
   898 | D:2      | Reached XP level 3. HP: 25/28 MP: 6/9
   982 | D:2      | Noticed Terence
   986 | D:2      | Learned a level 2 spell: Wereblood
   991 | D:2      | Killed Terence
   992 | D:2      | Reached skill level 1 in Short Blades
   992 | D:2      | Reached skill level 1 in Long Blades
   992 | D:2      | Reached skill level 1 in Axes
   992 | D:2      | Reached skill level 1 in Maces & Flails
   992 | D:2      | Reached skill level 1 in Polearms
   992 | D:2      | Reached skill level 1 in Staves
   992 | D:2      | Reached skill level 1 in Ranged Weapons
   992 | D:2      | Reached skill level 1 in Throwing
   992 | D:2      | Reached skill level 1 in Armour
   992 | D:2      | Reached skill level 1 in Stealth
   992 | D:2      | Reached skill level 1 in Shields
   992 | D:2      | Reached skill level 1 in Invocations
   992 | D:2      | Reached skill level 1 in Evocations
  1106 | D:2      | Noticed Robin
  1119 | D:2      | Killed Robin
  1120 | D:2      | Reached XP level 4. HP: 34/34 MP: 8/11
  1217 | D:2      | Reached skill level 1 in Conjurations
  1217 | D:2      | Reached skill level 1 in Hexes
  1217 | D:2      | Reached skill level 1 in Summonings
  1217 | D:2      | Reached skill level 1 in Necromancy
  1217 | D:2      | Reached skill level 1 in Translocations
  1217 | D:2      | Reached skill level 1 in Fire Magic
  1217 | D:2      | Reached skill level 1 in Ice Magic
  1217 | D:2      | Reached skill level 1 in Air Magic
  1217 | D:2      | Reached skill level 1 in Earth Magic
  1217 | D:2      | Reached skill level 1 in Poison Magic
  1258 | D:2      | Identified the +3 leather armour of Goxegeif {+Inv Int+3}
  1514 | D:2      | Noticed Sigmund
  1546 | D:2      | Slain by Sigmund

Illustrated notes

Levels and vault maps discovered:
D:1:      nagdon_arrival_double_spiral, layout_basic,
          shapermc_ecumenical_altar_pompeii
D:2:      layout_loops_ring, dk_noncrumbling_4, chequers_serial_rivers_micro_d,
          uniq_robin, uniq_sigmund, uniq_terence

Skill      XL: |  1  2  3  4 |
---------------+-------------+-----
Spellcasting   | 5 |  5.1
Short Blades   | 1 |  1.2
Long Blades    | 1 |  1.2
Axes           | 1 |  1.2
Maces & Flails | 1 |  1.2
Polearms       | 1 |  1.2
Staves         | 1 |  1.2
Ranged Weapons | 1 |  1.2
Throwing       | 1 |  1.2
Armour         | 1 |  1.2
Stealth        | 1 |  1.2
Shields        | 1 |  1.2
Invocations    | 1 |  1.3
Evocations     | 1 |  1.2
Conjurations   | 1 |  1.0
Hexes          | 1 |  1.0
Summonings     | 1 |  1.0
Necromancy     | 1 |  1.0
Translocations | 1 |  1.0
Fire Magic     | 1 |  1.0
Ice Magic      | 1 |  1.0
Air Magic      | 1 |  1.0
Earth Magic    | 1 |  1.0
Poison Magic   | 1 |  1.0
Fighting       | |  2.8
Dodging        | |  4.6
Unarmed Combat | |  6.6
Transmutations | |  3.8

Action                   |  1- 3 |  4- 6 || total
-------------------------+-------+-------++-------
Melee: Unarmed           |    37 |    52 ||    89
       Kick              |     9 |     3 ||    12
       Headbutt          |     4 |       ||     4
       Bite              |       |     4 ||     4
       Punch             |       |     2 ||     2
 Cast: Beastly Appendage |    13 |     6 ||    19
       Wereblood         |     2 |     1 ||     3
Armor: Robe              |     4 |     3 ||     7
       Leather armour    |       |    14 ||    14
Dodge: Dodged            |    19 |    23 ||    42
